 Dungeon Crawl Stone Soup version 0.24.0-125-gc4c63601f3 (webtiles) character file.

Game seed: 3373455227537380644, levelgen mode: deterministic

77 Johnny the Ruffian (level 4, 0/42 HPs)
             Began as a Naga Berserker on Feb 25, 2020.
             Was a Believer of Trog.
             Slain by Jessica
             ... wielding a +0 dagger of electrocution
              (15 damage)
             ... on level 2 of the Dungeon.
             The game lasted 00:01:48 (1578 turns).

Johnny the Ruffian (Naga Berserker)                 Turns: 1578, Time: 00:01:48

Health: 0/42       AC:  2    Str: 20    XL:     4   Next: 33%
Magic:  4/4        EV: 15    Int:  8    God:    Trog [**....]
Gold:   85         SH:  0    Dex: 15    Spells: 3/3 levels left

rFire    . . .     SeeInvis +     - Unarmed
rCold    . . .     Gourm    .   (no shield)
rNeg     . . .     Faith    .   a - +0 animal skin
rPois    +         Spirit   .   (no helmet)
rElec    .         Reflect  .   (no cloak)
rCorr    .         Harm     .   (no gloves)
MR       +++..                  (no barding)
Stlth    ++........             i - amulet of regeneration
HPRegen  1.54/turn              e - ring of protection from magic
MPRegen  0.09/turn              (no ring)

@: agile, berserk cooldown, regenerating, hasted, quick
A: large, see invisible, deformed body, poison resistance, slowness 2, slow
metabolism 1, spit poison 1, AC +1
a: Spit Poison, Berserk, Trog's Hand, Renounce Religion


You were on level 2 of the Dungeon.
You worshipped Trog.
Trog was pleased with you.
You were hungry.

You visited 1 branch of the dungeon, and saw 2 of its levels.

You collected 85 gold pieces.

Inventory:

Armour
 a - a +0 animal skin (worn)
Jewellery
 e - a ring of protection from magic (left hand)
 i - an amulet of regeneration (around neck)
Scrolls
 c - a scroll of identify {unknown}
 f - a scroll of enchant armour {unknown}
 g - a scroll of noise {unknown}
 j - a scroll of remove curse {unknown}
 k - a scroll of enchant weapon {unknown}
 l - a scroll of amnesia {unknown}
Potions
 b - a potion of heal wounds {unknown}
 m - a potion of haste
 o - a potion of berserk rage {unknown}
Comestibles
 d - 2 rations


   Skills:
 + Level 3.4 Fighting
 + Level 2.1 Armour
 + Level 2.1 Dodging
 * Level 3.9 Unarmed Combat


You had 3 spell levels left.
You didn't know any spells.
Your spell library was empty.

Dungeon Overview and Level Annotations

Branches:
Dungeon (2/15)

Altars:

Annotations:
D:2 Jessica


Innate Abilities, Weirdness & Mutations

You cannot wear boots.
Your serpentine skin is tough. (AC +1)
You have supernaturally acute eyesight. (SInv)
Armour fits poorly on your strangely shaped body.
Your system is resistant to poisons. (rPois)
You cover ground very slowly.
You have a slow metabolism.
You can spit poison.


Message History

You feel agile all of a sudden.
Jessica gestures wildly.
Jessica zaps a wand.
The puff of flame hits you.
* * * LOW HITPOINT WARNING * * *
Unknown command.
It was a potion of haste.
You feel yourself speed up. Jessica completely misses you.
Jessica hits you with a +0 dagger of electrocution.
* * * LOW HITPOINT WARNING * * *
Unknown command.
It was a potion of curing.
You feel better. Jessica hits you but does no damage.
Unknown command.
Unknown command.
You're still recovering from your berserk rage.
Unknown command.
You barely miss Jessica. You hit Jessica but do no damage.
Jessica hits you but does no damage.
You are electrocuted!
You die...

#.# ######.#####
#..........# ####
#..........### ..#
#............. .#####.#
#..........###
.......###..........###
#.................
#@###..........### #@#
#..........# ...
#..........#
.....#..........#
......#..........#
.......#..........# #
........##############
.........# #......
#......


You could see Jessica.

Vanquished Creatures
  3 adders (D:2)
  2 worms (D:2)
  A dart slug (D:2)
  2 leopard geckos (D:1)
  A ball python (D:2)
  6 bats
  4 giant cockroaches
  A hobgoblin (D:1)
  4 jackals (D:2)
  A frilled lizard (D:1)
  7 goblins
  5 kobolds
  4 rats
41 creatures vanquished.

Notes
Turn   | Place    | Note
-------+----------+-------------------------------------------
     0 | D:1      | Johnny the Naga Berserker began the quest for the Orb.
     0 | D:1      | Reached XP level 1. HP: 21/21 MP: 1/1
   277 | D:1      | Reached XP level 2. HP: 25/28 MP: 2/2
   991 | D:2      | Reached XP level 3. HP: 12/34 MP: 3/3
  1477 | D:2      | Reached ** piety under Trog
  1533 | D:2      | Reached XP level 4. HP: 42/42 MP: 4/4
  1558 | D:2      | Noticed Jessica
  1578 | D:2      | Slain by Jessica

Levels and vault maps discovered:
D:1:      dpeg_arrival_pits, layout_basic, minivault_27, dk_noncrumbling_2,
          solitary_fountain, st_stairs_3, minmay_fountain_box
D:2:      layout_basic, lemuel_zombie_altar_kikubaaqudgha, lemuel_statue_altar,
          uniq_robin, uniq_jessica

Skill      XL: |  1  2  3 |
---------------+----------+-----
Armour         | 2 |  2.1
Dodging        | 2 |  2.1
Fighting       | |  3.4
Unarmed Combat | |  3.9

Action                   |  1- 3 |  4- 6 || total
-------------------------+-------+-------++-------
Melee: Unarmed           |   107 |    20 ||   127
       Punch             |     1 |       ||     1
Invok: Berserk           |     6 |       ||     6
       Trog's Hand       |       |     2 ||     2
  Use: Potion            |       |     3 ||     3
  Eat: Chunk             |     2 |     1 ||     3
       Ration            |     1 |       ||     1
Armor: Animal skin       |    35 |    12 ||    47
Dodge: Dodged            |    57 |    11 ||    68
